 Dungeon Crawl Stone Soup version 0.31-a0-233-g139696dc86 (webtiles) character file.

Game seed: 6649143906389803899

128513 promet the Blocker (level 17, 0/183 HPs)
             Began as a Gnoll Fighter on July 7, 2023.
             Was the Champion of Hepliaklqana.
             Slain by Bai Suzhen (12 damage)
             ... on level 3 of the Snake Pit on July 9, 2023.
             The game lasted 03:30:44 (39669 turns).

promet the Blocker (Gnoll Fighter)                 Turns: 39669, Time: 03:30:45

Health: 0/183      AC: 19    Str: 20    XL:     17   Next: 3%
Magic:  13/13      EV: 14    Int: 25    God:    Hepliaklqana [******]
Gold:   867        SH: 18    Dex: 11    Spells: 13/38 levels left

rFire   . . .        e - +7 broad axe (antimagic)
rCold   . . .        Q - +1 tower shield {AC+3}
rNeg    + . .        H - +1 troll leather armour
rPois   +            z - +2 helmet {Int+3}
rElec   .            m - +2 cloak
rCorr   .            v - +0 pair of gloves of an ice cave {Int+7}
SInv    .            (no boots)
Will    +....        D - amulet of regeneration Stlth
                     y - ring "Qaddaroc" {rN+ MP+9 Int+3}
HPRegen 2.10/turn    G - ring of poison resistance
MPRegen 0.13/turn

%: no passive effects
@: berserking (expiring), invisible, slow
A: reduced essence, fangs 1, strong nose, distributed training
a: Renounce Religion, Recall Ancestor, Ancestor Identity, Transference, Idealise


You were on level 3 of the Snake Pit.
You worshipped Hepliaklqana.
Hepliaklqana was exalted by your worship.
You visited 4 branches of the dungeon, and saw 20 of its levels.

You collected 1666 gold pieces.
You spent 799 gold pieces at shops.

Inventory:

Hand Weapons
 a - the +8 battleaxe of Fiosuipi {drain, Str+3}
   (You bought it in a shop on level 10 of the Dungeon)

   Str:       It affects your strength (+3).
 b - a +1 arbalest
 c - a +0 scythe of freezing
 d - a +4 trident
 e - a +7 antimagic broad axe (weapon)
 o - the +0 hand axe "Wilih" {holy, rElec rPois rCorr Int-2}
   (You found it on level 3 of the Dungeon)

   Int:       It affects your intelligence (-2).
   rElec:     It insulates you from electricity.
   rPois:     It protects you from poison.
   rCorr:     It protects you from acid and corrosion.
 s - a +0 dire flail of draining
 B - a +0 short sword of speed
Missiles
 h - 5 javelins
 u - 2 throwing nets
 x - 28 poisoned darts
 L - 4 boomerangs (quivered)
 W - 4 curare-tipped darts
Armour
 m - a +2 cloak (worn)
 v - the +0 pair of gloves of an ice cave (worn) {Int+7}
   (You found it on level 4 of the Lair of Beasts)

   Int:       It affects your intelligence (+7).
 z - a +2 helmet of intelligence (worn)
 H - a +1 troll leather armour (worn)
 Q - a +1 tower shield of protection (worn)
Jewellery
 l - a ring of wizardry
 t - a ring of willpower
 y - the ring "Qaddaroc" (left hand) {rN+ MP+9 Int+3}
   (You found it on level 9 of the Dungeon)

   [ring of magical power]

   Int:       It affects your intelligence (+3).
   rN:        It protects you from negative energy.
   MP:        It affects your magic capacity (+9).
 A - a ring of protection from fire
 C - a ring of the Octopus King {rC+ HP+2 AC+2 EV+2 SH+2}
   (You found it on level 5 of the Lair of Beasts)

   [ring of protection from cold]

   AC:        It affects your AC (+2).
   EV:        It affects your evasion (+2).
   rC:        It protects you from cold.
   HP:        It affects your health (+2).
   SH:        It affects your SH (+2).
 D - an amulet of regeneration (around neck)
 E - a ring of protection from fire
 G - a ring of poison resistance (right hand)
 J - a ring of protection from cold
 T - a +6 ring of dexterity
Wands
 p - a wand of charming (26)
 w - a wand of acid (20)
 M - a wand of roots (15)
 N - a wand of flame (39)
 X - a wand of mindburst (5)
Scrolls
 g - 3 scrolls of fear
 n - 3 scrolls of teleportation
 I - a scroll of identify
 O - 3 scrolls of amnesia
 R - a scroll of silence
 Y - a scroll of revelation
 Z - a scroll of blinking
Potions
 f - 2 potions of might
 i - 2 potions of resistance
 j - a potion of magic
 k - 5 potions of heal wounds
 r - 6 potions of attraction
 F - 2 potions of lignification
 K - 2 potions of enlightenment
 P - 2 potions of brilliance
 S - 2 potions of curing
 U - a potion of invisibility
Miscellaneous
 q - a condenser vane (inert)


   Skills:
 + Level 13.0 Fighting
 + Level 11.4 Short Blades
 + Level 11.4 Long Blades
 + Level 12.2 Axes
 + Level 11.4 Maces & Flails
 + Level 11.4 Polearms
 + Level 11.4 Staves
 + Level 11.4 Ranged Weapons
 + Level 11.4 Throwing
 + Level 13.0 Armour
 + Level 11.4 Dodging
 + Level 11.4 Stealth
 + Level 13.0 Shields
 + Level 11.4 Unarmed Combat
 + Level 11.4 Spellcasting
 + Level 9.6 Conjurations
 + Level 9.6 Hexes
 + Level 9.6 Summonings
 + Level 9.6 Necromancy
 + Level 9.6 Translocations
 + Level 9.6 Transmutations
 + Level 9.6 Fire Magic
 + Level 9.6 Ice Magic
 + Level 9.6 Air Magic
 + Level 9.6 Earth Magic
 + Level 9.6 Poison Magic
 + Level 12.4 Invocations
 + Level 11.4 Evocations


You had 13 spell levels left.
You knew the following spells:

 Your Spells              Type           Power      Damage    Failure   Level
a - Foxfire               Conj/Fire      100%       2x1d9     1%          1
b - Airstrike             Air            29%        2d(5-21)  3%          4
c - Dazzling Flash        Conj/Hex       100%       N/A       1%          3
d - Volatile Blastmotes   Fire/Tloc      100%       2d18      1%          3
e - Stone Arrow           Conj/Erth      100%       3d13      1%          3
f - Poisonous Vapours     Pois/Air       100%       N/A       1%          2
g - Mephitic Cloud        Conj/Pois/Air  58%        N/A       1%          3
h - Fireball              Conj/Fire      29%        3d13      9%          5
i - Shock                 Conj/Air       100%       1d9       1%          1

Your spell library contained the following spells:

 Spells                   Type           Power      Damage    Failure   Level
 Sandblast                Erth           100%       2d20      1%          1
 Cigotuvi's Dreadful Rot  Necr/Pois/Air  100%       N/A       1%          2
 Lesser Beckoning         Tloc           100%       N/A       1%          2
 Passwall                 Tmut/Erth      48%        N/A       1%          2
 Sublimation of Blood     Necr           58%        N/A       1%          2
 Gell's Gravitas          Tloc           58%        N/A       1%          3
 Hailstorm                Conj/Ice       58%        3d13      1%          3
 Ozocubu's Armour         Ice            58%        N/A       1%          3
 Swiftness                Air            58%        N/A       1%          3
 Teleport Other           Tloc           58%        N/A       1%          3
 Ice Form                 Ice/Tmut       58%        N/A       3%          4
 Iskenderun's Mystic Bla  Conj/Tloc      58%        2d12      3%          4
 Petrify                  Tmut/Erth      58%        N/A       3%          4
 Arcjolt                  Conj/Air       29%        1d39      9%          5
 Freezing Cloud           Conj/Ice/Air   29%        6-21      9%          5
 Irradiate                Conj/Tmut      29%        3d21      9%          5
 Metabolic Englaciation   Hex/Ice        29%        N/A       9%          5
 Summon Forest            Summ/Tloc      29%        N/A       9%          5
 Eringya's Noxious Bog    Tmut/Pois      29%        4d6       41%         6
 Plasma Beam              Fire/Air       29%        2x1d41    41%         6
 Simulacrum               Ice/Necr       29%        N/A       41%         6
 Starburst                Conj/Fire      29%        6d9       41%         6
 Summon Hydra             Summ           29%        N/A       94%         7
 Borgnjor's Revivificati  Necr           29%        N/A       100%        8


Dungeon Overview and Level Annotations

Branches:
Dungeon (10/15)            Temple (0/1) D:6            Lair (5/5) D:10
  Swamp (0/4) Lair:3        Snake (3/4) Lair:3        Slime (0/5) Lair:5
    Orc (2/2) D:9             Elf (0/3) Orc:2

Altars:
Cheibriados
Fedhas
Hepliaklqana
Kikubaaqudgha
Makhleb
Okawaru
Qazlal
Ru
Trog
Uskayaw
Wu Jian
Jiyva

Shops:
D:3 *   D:8 [   D:10 (   Orc:2 [=:([   Snake:3 *

Annotations:
Snake:3 Bai Suzhen
Orc:1 3 runed translucent doors, rinse's ghost, journeyman MfMo


Innate Abilities, Weirdness & Mutations

Your life essence is reduced to manifest your ancestor. (-10% HP)
You have very sharp teeth.
Your uncanny sense of smell can sniff out nearby items.
Your experience applies equally to all skills.


Message History

Splash!
You fall into the shallow water.
Moving in this stuff is going to be slow. ...and don't expect to remain undetected.
You are too berserk!
Really walk into that cloud of thunder?
Okay, then.
You are too berserk!
You are too berserk!
Bai Suzhen breathes water at you. The torrent of water misses you.
The wave splashes down.
You are too berserk!
You are too berserk!
You feel a strong urge to attack something.
You barely miss Bai Suzhen.
Bai Suzhen is severely wounded.
You block Bai Suzhen's attack. x2
Bai Suzhen tramples you but does no damage.
You slash Bai Suzhen!
Bai Suzhen is severely wounded.
Bai Suzhen bites you!
* * * LOW HITPOINT WARNING * * *
You block Bai Suzhen's attack. Bai Suzhen tramples you.
* * * LOW HITPOINT WARNING * * *
You hold your ground!
Your unstable footing causes you to fumble your attack.
Bai Suzhen bites you!
* * * LOW HITPOINT WARNING * * *
Bai Suzhen claws you but does no damage.
Bai Suzhen tramples you but does no damage.
You are too berserk!
You slash Bai Suzhen!
Bai Suzhen is severely wounded.
You slash Bai Suzhen! You bite Bai Suzhen, but do no damage.
Bai Suzhen is almost dead.
Bai Suzhen breathes water at you. The torrent of water misses you.
The wave splashes down.
Your unstable footing causes you to fumble your attack.
Bai Suzhen bites you!
You die...

..................##..
##...............#.....† ##..
..........# #...... ####..##
#........###...###
..##......####.........##.##
#..........##~~...........# #
#..........~§§§##.........####.
#..........~§D§####......(.##..
....§.....###§@# ##..........#
...§)###..# #~~# ##.........#
#..§. #.## ##.# ##.....##..
.... ..# #.. #....#####. ...
...# #..# #..#..# ## ... ...##
##.# #.###..# # .. .^# ##..# #
##### #.# # #.###


You could see Bai Suzhen (clouds, catching breath).

Vanquished Creatures
  3 hydras
  An ogre mage (Orc:2)
  A salamander tyrant (Snake:2)
  5 anacondas
  A merfolk avatar (Lair:5)
  8 two-headed ogres
  6 naga warriors
  2 shock serpents
  Amaemon (D:8)
  An orc high priest (Orc:2)
  3 skysharks
  2 naga sharpshooters
  A sea snake (Lair:5)
  A deep troll (Orc:2)
  A bog body (Lair:3)
  A naga ritualist (Snake:3)
  A harpy (Lair:5)
  A mana viper (Snake:2)
  A cyclops (Orc:2)
  An orc knight (Orc:2)
  A salamander (Snake:1)
  Joseph (D:7)
  2 torpor snails (Lair:2)
  17 elephants
  2 guardian serpents (Snake:2)
  16 black mambas
  2 naga magi
  9 cane toads
  An orange demon (D:8)
  4 rime drakes
  2 kobold demonologists (D:9)
  4 komodo dragons
  2 polar bears
  6 trolls
  A blink frog (Lair:4)
  5 dream sheep
  2 hornets
  3 slime creatures
  A wyvern (Lair:5)
  20 yaks
  2 steam dragons
  A wraith (Orc:1)
  A warg (Orc:2)
  11 nagas
  5 water moccasins
  9 orc warriors
  2 sky beasts
  13 ogres
  2 centaurs
  4 wolves
  A phantom (D:4)
  2 kobold brigands (D:5)
  3 bullfrogs
  2 scorpions (D:5)
  A wight (D:7)
  6 killer bees
  2 howler monkeys
  6 electric eels
  4 jellies
  2 orc priests
  A gnoll bouda (D:9)
  4 hounds
  A sleepcap (D:6)
  2 iguanas
  4 orc wizards
  3 hell rats (Lair:3)
  3 gnolls (D:9)
  5 adders
  An ufetubus (D:5)
  3 dart slugs
  51 orcs
  11 endoplasms
  A giant cockroach (D:4)
  12 hobgoblins
  17 kobolds
  3 quokkas
  7 ball pythons
  4 bats
  2 frilled lizards
  6 goblins
  4 rats
367 creatures vanquished.

Vanquished Creatures (collateral kills)
  A nagaraja (Snake:3)
  Josephine (Orc:1)
  A salamander tyrant (Snake:2)
  An ogre mage (Orc:2)
  6 anacondas
  A naga sharpshooter (Snake:1)
  5 naga warriors
  2 shock serpents (Snake:3)
  Sonja (Lair:2)
  The ghost of reriks the Covert, a journeyman SpCj of Vehumet (D:10)
  2 skysharks
  A sea snake (Lair:5)
  A deep troll (Orc:2)
  A bog body (Lair:3)
  3 naga ritualists
  A lindwurm (Lair:4)
  An orc knight (D:10)
  9 mana vipers
  A salamander (Snake:1)
  A cyclops (Orc:2)
  10 elephants
  4 guardian serpents
  15 black mambas
  6 naga magi
  3 cane toads
  A torpor snail (Lair:2)
  3 komodo dragons
  4 trolls
  A hornet (D:8)
  4 polar bears (Lair:5)
  A snapping turtle (Lair:5)
  4 dream sheep
  4 blink frogs (Lair:4)
  Sigmund (D:6)
  A shadow (D:8)
  4 wraiths (Orc:1)
  4 wyverns
  A steam dragon (D:8)
  31 yaks
  2 basilisks
  2 wargs (Orc:2)
  8 nagas
  An acid dragon (D:10)
  2 swamp worms (Lair:3)
  5 water moccasins
  An ice beast (D:7)
  6 orc warriors
  8 ogres
  4 wolves
  A centaur (D:8)
  A phantom (D:6)
  4 kobold brigands
  8 bullfrogs
  7 wights (D:7)
  5 killer bees
  6 electric eels
  11 jellies
  3 orc priests
  An iron imp (D:8)
  An iguana (D:5)
  6 orc wizards
  3 hell rats (Lair:3)
  3 adders (D:6)
  A gnoll (D:9)
  A shadow imp (D:6)
  18 orcs
  2 endoplasms (D:5)
  A kobold (D:10)
  A bat (D:6)
266 creatures vanquished.

Vanquished Creatures (others)
  A human (D:3)
  33 battlemagi
  6 ancestors (D:5)
  152 foxfires
192 creatures vanquished.

Grand Total: 825 creatures vanquished

Notes
Turn   | Place    | Note
-------+----------+-------------------------------------------
     0 | D:1      | promet the Gnoll Fighter began the quest for the Orb.
     0 | D:1      | Reached XP level 1. HP: 23/23 MP: 1/1
   155 | D:1      | Reached XP level 2. HP: 29/29 MP: 2/2
   411 | D:1      | You fall into a shaft and drop 1 floor!
   807 | D:1      | Reached XP level 3. HP: 35/35 MP: 3/3
   991 | D:2      | Reached skill level 1 in Invocations
  1163 | D:2      | Found a faded altar of an unknown god.
  1350 | D:2      | Reached skill level 1 in Short Blades
  1350 | D:2      | Reached skill level 1 in Long Blades
  1350 | D:2      | Reached skill level 1 in Maces & Flails
  1350 | D:2      | Reached skill level 1 in Polearms
  1350 | D:2      | Reached skill level 1 in Staves
  1350 | D:2      | Reached skill level 1 in Ranged Weapons
  1350 | D:2      | Reached skill level 1 in Throwing
  1350 | D:2      | Reached skill level 1 in Dodging
  1350 | D:2      | Reached skill level 1 in Stealth
  1350 | D:2      | Reached skill level 1 in Unarmed Combat
  1350 | D:2      | Reached skill level 1 in Spellcasting
  1350 | D:2      | Reached skill level 1 in Evocations
  1633 | D:3      | Reached XP level 4. HP: 41/41 MP: 5/5
  1653 | D:3      | Found an ancient bone altar of Kikubaaqudgha.
  1653 | D:3      | Noticed a human
  1658 | D:3      | Killed a human
  1686 | D:3      | Found Vykh's General Store.
  1763 | D:3      | Bought a scroll of teleportation for 39 gold pieces
  1994 | D:3      | Reached skill level 1 in Conjurations
  1994 | D:3      | Reached skill level 1 in Hexes
  1994 | D:3      | Reached skill level 1 in Summonings
  1994 | D:3      | Reached skill level 1 in Necromancy
  1994 | D:3      | Reached skill level 1 in Translocations
  1994 | D:3      | Reached skill level 1 in Transmutations
  1994 | D:3      | Reached skill level 1 in Fire Magic
  1994 | D:3      | Reached skill level 1 in Ice Magic
  1994 | D:3      | Reached skill level 1 in Air Magic
  1994 | D:3      | Reached skill level 1 in Earth Magic
  1994 | D:3      | Reached skill level 1 in Poison Magic
  1996 | D:3      | Found a hazy altar of Hepliaklqana.
  2002 | D:3      | Became a worshipper of Hepliaklqana the Forgotten
  2084 | D:3      | Found an ornate altar of the Wu Jian Council.
  2122 | D:3      | Identified the +0 hand axe "Wilih" {holy, rElec rPois rCorr
                  | Int-2}
  2382 | D:3      | Found an iron altar of Okawaru.
  2693 | D:4      | Reached XP level 5. HP: 43/47 MP: 5/7
  2864 | D:4      | Noticed a phantom
  3279 | D:4      | Reached XP level 6. HP: 12/53 MP: 8/8
  3474 | D:4      | Reached skill level 5 in Axes
  3689 | D:4      | Found a hide-covered altar of Uskayaw.
  3964 | D:4      | Found a blossoming altar of Fedhas.
  4106 | D:4      | Found a bloodstained altar of Trog.
  4304 | D:5      | Entered Level 5 of the Dungeon
  4346 | D:5      | Reached * piety under Hepliaklqana
  4390 | D:5      | Reached XP level 7. HP: 50/54 MP: 10/10
  4547 | D:5      | Identified a scroll of acquirement
  4547 | D:5      | Acquired a +7 antimagic broad axe
  4649 | D:5      | Found a stormy altar of Qazlal.
  4718 | D:5      | Learned a level 1 spell: Foxfire
  4755 | D:5      | Found a sacrificial altar of Ru.
  5040 | D:5      | Reached XP level 8. HP: 40/60 MP: 4/12
  5160 | D:5      | Noticed a slime creature
  5201 | D:4      | Killed a slime creature
  5615 | D:5      | Noticed a slime creature
  5824 | D:5      | Noticed a slime creature
  6013 | D:5      | Killed a slime creature
  6264 | D:5      | Killed a slime creature
  6356 | D:6      | Reached ** piety under Hepliaklqana
  6357 | D:6      | Remembered your ancestor Cihuaton as a battlemage
  6536 | D:6      | Reached XP level 9. HP: 65/65 MP: 4/14
  7394 | D:6      | Noticed Sigmund
  7399 | D:6      | Killed Sigmund
  7768 | D:6      | Found a staircase to the Ecumenical Temple.
  8075 | D:7      | Reached skill level 5 in Invocations
  8461 | D:7      | Reached *** piety under Hepliaklqana
  8750 | D:7      | Noticed Joseph
  8768 | D:7      | Killed Joseph
  8769 | D:7      | Reached skill level 5 in Short Blades
  8769 | D:7      | Reached skill level 5 in Long Blades
  8769 | D:7      | Reached skill level 5 in Maces & Flails
  8769 | D:7      | Reached skill level 5 in Polearms
  8769 | D:7      | Reached skill level 5 in Staves
  8769 | D:7      | Reached skill level 5 in Ranged Weapons
  8769 | D:7      | Reached skill level 5 in Throwing
  8769 | D:7      | Reached skill level 5 in Dodging
  8769 | D:7      | Reached skill level 5 in Stealth
  8769 | D:7      | Reached skill level 5 in Unarmed Combat
  8769 | D:7      | Reached skill level 5 in Spellcasting
  8769 | D:7      | Reached skill level 5 in Evocations
  8769 | D:7      | Reached XP level 10. HP: 20/72 MP: 17/17
 10347 | D:8      | Paralysed by a hornet for 3 turns
 11131 | D:8      | Found a burning altar of Makhleb.
 11219 | D:8      | Noticed an orange demon
 11225 | D:8      | Killed an orange demon
 11237 | D:8      | Noticed Amaemon
 11243 | D:8      | Learned a level 4 spell: Airstrike
 11250 | D:8      | Killed Amaemon
 11435 | D:8      | Found Neegaof's Armour Shop.
 11476 | D:8      | Reached skill level 5 in Conjurations
 11476 | D:8      | Reached skill level 5 in Hexes
 11476 | D:8      | Reached skill level 5 in Summonings
 11476 | D:8      | Reached skill level 5 in Necromancy
 11476 | D:8      | Reached skill level 5 in Translocations
 11476 | D:8      | Reached skill level 5 in Transmutations
 11476 | D:8      | Reached skill level 5 in Fire Magic
 11476 | D:8      | Reached skill level 5 in Ice Magic
 11476 | D:8      | Reached skill level 5 in Air Magic
 11476 | D:8      | Reached skill level 5 in Earth Magic
 11476 | D:8      | Reached skill level 5 in Poison Magic
 11482 | D:8      | Reached XP level 11. HP: 59/80 MP: 3/20
 13483 | D:9      | Found a staircase to the Orcish Mines.
 13905 | D:9      | Identified the ring "Qaddaroc" {rN+ MP+9 Int+3}
 14045 | D:9      | Learned a level 3 spell: Dazzling Flash
 14558 | D:10     | Entered Level 10 of the Dungeon
 15590 | D:10     | Learned a level 3 spell: Volatile Blastmotes
 15590 | D:10     | Found a staircase to the Lair.
 16037 | D:10     | Reached **** piety under Hepliaklqana
 16042 | D:10     | Found Tatwoh's Antique Weapon Shop.
 16118 | D:10     | Bought a twisted battleaxe for 310 gold pieces
 16118 | D:10     | Identified the +8 battleaxe of Fiosuipi {drain, Str+3} (You
                  | bought it in a shop on level 10 of the Dungeon)
 16135 | D:10     | Found a runed translucent door.
 16136 | D:10     | Noticed reriks's ghost (journeyman SpCj)
 16136 | D:10     | Noticed an orc knight
 16535 | Lair:1   | Entered Level 1 of the Lair of Beasts
 16668 | Lair:1   | Learned a level 3 spell: Stone Arrow
 16881 | Lair:1   | Identified the +0 chain mail of Genuke {-Cast rF+ Regen+}
 17296 | Lair:1   | Reached XP level 12. HP: 74/87 MP: 22/22
 17675 | Lair:1   | Reached skill level 10 in Fighting
 17675 | Lair:1   | Reached skill level 10 in Armour
 17675 | Lair:1   | Reached skill level 10 in Shields
 18714 | Lair:2   | Noticed Sonja
 18716 | Lair:2   | Killed Sonja
 19282 | Lair:2   | Reached ***** piety under Hepliaklqana
 19326 | Lair:2   | You fall into a shaft and drop 2 floors!
 19411 | Lair:2   | Noticed a skyshark
 19898 | Lair:2   | Found a snail-covered altar of Cheibriados.
 20587 | Lair:3   | Reached XP level 13. HP: 93/93 MP: 25/25
 20627 | Lair:3   | Found a staircase to the Snake Pit.
 22448 | Lair:3   | Found a staircase to the Swamp.
 22587 | Snake:1  | Entered Level 1 of the Snake Pit
 22840 | Lair:3   | Upgraded the game from 0.31-a0-232-gb1c03b2570 to
                  | 0.31-a0-233-g139696dc86
 23624 | Lair:4   | Reached skill level 10 in Axes
 24276 | Lair:4   | Identified the +0 pair of gloves of an ice cave {Int+7}
 24298 | Lair:4   | Learned a level 2 spell: Poisonous Vapours
 24302 | Lair:4   | Learned a level 3 spell: Mephitic Cloud
 24308 | Lair:4   | Learned a level 5 spell: Fireball
 24442 | Lair:5   | Entered Level 5 of the Lair of Beasts
 24735 | Lair:5   | Reached skill level 10 in Invocations
 24735 | Lair:5   | Reached XP level 14. HP: 101/101 MP: 27/27
 24770 | Lair:5   | Reached XP level 15. HP: 107/107 MP: 28/28
 25118 | Lair:5   | Found a staircase to the Slime Pits.
 25119 | Lair:5   | Found a viscous altar of Jiyva.
 26279 | Lair:5   | Found the ring of the Octopus King
 26286 | Lair:5   | Identified a ring of the Octopus King {rC+ HP+2 AC+2 EV+2
                  | SH+2}
 27590 | Snake:1  | Reached skill level 10 in Short Blades
 27590 | Snake:1  | Reached skill level 10 in Long Blades
 27590 | Snake:1  | Reached skill level 10 in Maces & Flails
 27590 | Snake:1  | Reached skill level 10 in Polearms
 27590 | Snake:1  | Reached skill level 10 in Staves
 27590 | Snake:1  | Reached skill level 10 in Ranged Weapons
 27590 | Snake:1  | Reached skill level 10 in Throwing
 27590 | Snake:1  | Reached skill level 10 in Dodging
 27590 | Snake:1  | Reached skill level 10 in Stealth
 27590 | Snake:1  | Reached skill level 10 in Unarmed Combat
 27590 | Snake:1  | Reached skill level 10 in Spellcasting
 27590 | Snake:1  | Reached skill level 10 in Evocations
 27931 | Orc:1    | Entered Level 1 of the Orcish Mines
 27971 | Orc:2    | Entered Level 2 of the Orcish Mines
 28121 | Orc:2    | Found a staircase to the Elven Halls.
 28355 | Orc:2    | Found Webrogeec's Weapon Boutique.
 28355 | Orc:2    | Found Guethroedgh's Book Emporium.
 29477 | Orc:2    | Found Zoem's Antique Armour Emporium.
 30034 | Orc:2    | Paralysed by something for 2 turns
 30203 | Orc:2    | Found Zoade's Antique Armour Emporium.
 30216 | Orc:2    | Reached ****** piety under Hepliaklqana
 30244 | Orc:2    | Found Pareobid's Jewellery Shoppe.
 30378 | Orc:2    | Bought an amulet of regeneration for 450 gold pieces
 30654 | Orc:1    | Noticed Josephine
 30660 | Orc:1    | Killed Josephine
 31305 | Orc:1    | Found a runed translucent gate.
 31305 | Orc:1    | Found a runed translucent gate.
 31307 | Orc:1    | Found a runed translucent gate.
 31308 | Orc:1    | Noticed an orc warlord
 31309 | Orc:1    | Noticed rinse's ghost (journeyman MfMo)
 31616 | Orc:1    | Found an iron altar of Okawaru.
 31752 | D:10     | Reached XP level 16. HP: 113/114 MP: 30/30
 31753 | D:10     | Killed reriks's ghost
 33024 | Snake:1  | Found a bloodstained altar of Trog.
 34470 | Snake:2  | Got Sif Muna's Papyrus of the Mausoleum and Air
 35268 | Snake:2  | Found a runed translucent door.
 38118 | Snake:3  | Noticed a nagaraja
 38125 | Snake:3  | Killed a nagaraja
 38669 | Snake:3  | Learned a level 1 spell: Shock
 38860 | Snake:3  | Reached XP level 17. HP: 101/122 MP: 0/32
 39432 | Snake:3  | Found Mil Deth's Assorted Antiques.
 39636 | Snake:3  | Noticed Bai Suzhen
 39666 | Snake:3  | HP: 8/183 [Bai Suzhen (16)]
 39669 | Snake:3  | Slain by Bai Suzhen

Illustrated notes

Levels and vault maps discovered:
D:1:      scummos_arrival_simple_crosswalls, layout_loops_ring, serial_forest,
          infiniplex_forest_lined_corner, infiniplex_forest_end_double,
          infiniplex_forest_clump_curved, infiniplex_forest_lined_1,
          infiniplex_forest_lined_2, infiniplex_forest_clump_double,
          infiniplex_forest_clump_tiny, infiniplex_forest_clump_small,
          infiniplex_forest_clump_double
D:2:      layout_loops_ring, ebering_ecumenical_altar_mist
D:3:      layout_loops_ring, nicolae_hepliaklqana_hippocampus,
          kennysheep_okawaru_gauntlet, tgw_kikubaaqudgha,
          nzn_wu_jian_council_hall, serial_shops, nicolae_shop_hallway_stairs
D:4:      layout_loops_ring, trog_hazing_becter, lemuel_tele_altar,
          mainiacjoe_overflow_brackets
D:5:      cheibrodos_fertilizer, layout_gridville,
          nicolae_ru_the_path_less_chosen, grunt_qazlal_sundering,
          minmay_misc_feat_four_crosses
D:6:      layout_basic, minmay_temple_entry_stoned_glass,
          hangedman_decor_peaks_small, kennysheep_generic_room_10, uniq_sigmund
D:7:      layout_cave_pods, serial_bayou_lagoon_b, uniq_joseph
D:8:      layout_loops_ring, makhleb_grotto_becter, serial_shops,
          nicolae_shop_getting_attention, uniq_amaemon
D:9:      layout_basic, orc_0_dummy
D:10:     layout_roguey, david_lair_shrubbed, serial_shops, shop,
          ebering_ghost_inner_flame, special_room [special_room_orc]
Lair:1:   layout_regular_city, chequers_serial_rivers_micro_a
Lair:2:   layout_chaotic_city, serial_bayou, serial_bayou_lake_a,
          serial_bayou_pond_a, serial_bayou_pond_d, serial_bayou_pond_e,
          kennysheep_snail_temple, lemuel_fruit_tree, serial_bayou_shore_a,
          uniq_sonja
Lair:3:   layout_long_grid, nicolae_swamp_entry_splash_gauntlet,
          minmay_snake_entry_guardpost_small, chequers_serial_rivers_room_b,
          beast_lair_carwin_7
Lair:4:   layout_small_grid
Lair:5:   gammafunk_lair_ancient_temple, layout_layer_cave,
          nicolae_slime_entry_slimehenge
Snake:1:  layout_misc_corridors, basic_altar, st_stairs_13, serial_bayou_pond_d,
          nicolae_snake_flat_spine
Snake:2:  layout_onion, lightli_airlock, serial_bayou_shore_b,
          serial_bayou_shore_b
Snake:3:  layout_layer_cave, serial_shops, shop, uniq_bai_suzhen
Orc:1:    layout_diamond_mine, gammafunk_ghost_fury_of_okawaru, basic_altar,
          uniq_josephine
Orc:2:    st_orc_open, layout_diamond_mine, serial_shops,
          nicolae_shop_back_alley_shop

Skill      XL: |  1  2  3  4  5  6  7  8  9 10 11 12 13 14 15 16 |
---------------+-------------------------------------------------+-----
Invocations    | 1 2 3 4 5 6 7 8 10 11 12 | 12.4
Short Blades   | 1 2 3 5 6 7 8 9 10 11 | 11.4
Long Blades    | 1 2 3 5 6 7 8 9 10 11 | 11.4
Maces & Flails | 1 2 3 5 6 7 8 9 10 11 | 11.4
Polearms       | 1 2 3 5 6 7 8 9 10 11 | 11.4
Staves         | 1 2 3 5 6 7 8 9 10 11 | 11.4
Ranged Weapons | 1 2 3 5 6 7 8 9 10 11 | 11.4
Throwing       | 1 2 3 5 6 7 8 9 10 11 | 11.4
Dodging        | 1 2 3 5 6 7 8 9 10 11 | 11.4
Stealth        | 1 2 3 5 6 7 8 9 10 11 | 11.4
Unarmed Combat | 1 2 3 5 6 7 8 9 10 11 | 11.4
Spellcasting   | 1 2 3 5 6 7 8 9 10 11 | 11.4
Evocations     | 1 2 3 5 6 7 8 9 10 11 | 11.4
Conjurations   | 1 2 3 4 5 6 7 8 9 |  9.6
Hexes          | 1 2 3 4 5 6 7 8 9 |  9.6
Summonings     | 1 2 3 4 5 6 7 8 9 |  9.6
Necromancy     | 1 2 3 4 5 6 7 8 9 |  9.6
Translocations | 1 2 3 4 5 6 7 8 9 |  9.6
Transmutations | 1 2 3 4 5 6 7 8 9 |  9.6
Fire Magic     | 1 2 3 4 5 6 7 8 9 |  9.6
Ice Magic      | 1 2 3 4 5 6 7 8 9 |  9.6
Air Magic      | 1 2 3 4 5 6 7 8 9 |  9.6
Earth Magic    | 1 2 3 4 5 6 7 8 9 |  9.6
Poison Magic   | 1 2 3 4 5 6 7 8 9 |  9.6
Axes           | 5 6 7 8 9 10 11 12 | 12.2
Fighting       | 7 8 9 10 11 12 13 | 13.0
Armour         | 7 8 9 10 11 12 13 | 13.0
Shields        | 7 8 9 10 11 12 13 | 13.0

Action                     |  1- 3 |  4- 6 |  7- 9 | 10-12 | 13-15 | 16-18 || total
---------------------------+-------+-------+-------+-------+-------+-------++-------
  Melee: War axe           |    61 |   117 |       |       |       |       ||   178
         Bite              |     2 |    21 |     8 |    26 |    12 |    14 ||    83
         Morningstar       |       |    63 |     8 |       |     6 |       ||    77
         Broad axe         |       |       |    65 |   110 |       |    83 ||   258
         Halberd           |       |       |    17 |       |     4 |    10 ||    31
         Hand axe          |       |       |       |    66 |       |    16 ||    82
         Battleaxe         |       |       |       |    61 |   125 |    38 ||   224
         Punch             |       |       |       |     6 |     4 |       ||    10
         Short sword       |       |       |       |     8 |     6 |     1 ||    15
         Trident           |       |       |       |       |       |    26 ||    26
   Fire: Sling             |       |       |     1 |     4 |       |       ||     5
         Orcbow            |       |       |       |     1 |       |       ||     1
         Arbalest          |       |       |       |   106 |   269 |    42 ||   417
  Throw: Stone             |       |     9 |     3 |       |       |       ||    12
         Dart              |       |       |       |     5 |     1 |       ||     6
         Boomerang         |       |       |       |     1 |     1 |    44 ||    46
   Cast: Foxfire           |       |       |    39 |    40 |     6 |     5 ||    90
         Airstrike         |       |       |       |     6 |     5 |       ||    11
         Volatile Blastmot |       |       |       |    19 |    10 |       ||    29
         Stone Arrow       |       |       |       |     2 |    32 |    32 ||    66
         Dazzling Flash    |       |       |       |     1 |     7 |     9 ||    17
         Fireball          |       |       |       |       |     8 |    21 ||    29
         Poisonous Vapours |       |       |       |       |     5 |     7 ||    12
         Mephitic Cloud    |       |       |       |       |     1 |     2 ||     3
         Shock             |       |       |       |       |       |     7 ||     7
 Invoke: Ancestor Life: Ba |       |       |     1 |       |       |       ||     1
         Recall Ancestor   |       |       |       |     2 |       |     4 ||     6
  Evoke: Wand              |       |       |     1 |     1 |     1 |     6 ||     9
         Condenser vane    |       |       |       |       |       |     1 ||     1
    Use: Scroll            |     6 |     2 |     5 |    15 |     7 |     1 ||    36
         Potion            |       |     1 |     2 |     4 |     3 |     5 ||    15
   Stab: Invisible         |       |       |     4 |       |     3 |     3 ||    10
         Distracted        |       |       |     1 |     1 |     6 |     9 ||    17
         Sleeping          |       |       |       |     1 |     2 |     1 ||     4
         Confused          |       |       |       |       |       |     2 ||     2
 Armour: Scale mail        |    26 |   107 |    41 |    70 |       |       ||   244
         Chain mail        |       |       |       |    24 |       |       ||    24
         Acid dragon scale |       |       |       |    43 |   103 |    60 ||   206
         Troll leather arm |       |       |       |       |       |    13 ||    13
  Dodge: Dodged            |    24 |   115 |    45 |   179 |   249 |   111 ||   723
  Block: Buckler           |    13 |    67 |    18 |       |       |       ||    98
         Other             |       |       |       |       |     3 |       ||     3
         Tower shield      |       |       |       |       |       |   139 ||   139

Table legend: (Time is in decaauts)
 A = Elapsed time spent in this place.
 B = Non-inter-level travel time spent in this place.
 C = Inter-level travel time spent in this place.
 D = Time resting spent in this place.
 E = Time spent auto-exploring this place.
 F = Levels seen in this place.
 G = Mean time per level.
                   A        B        C        D        E       F      G
               +--------+--------+--------+--------+--------+-----+--------+
         Total |  40192 |  38224 |   1968 |  17845 |   7363 |  20 | 2009.6 |
       Dungeon |  17069 |  16341 |    728 |   7018 |   4369 |  10 | 1706.9 |
          Lair |  11238 |  10786 |    452 |   4772 |   1948 |   5 | 2247.6 |
     Snake Pit |   7833 |   7381 |    452 |   4027 |    595 |   3 | 2611.0 |
  Orcish Mines |   4050 |   3714 |    336 |   2027 |    450 |   2 | 2025.0 |
               +--------+--------+--------+--------+--------+-----+--------+

Top non-repeatable levels by time:
 Snake:2: 3078 daAuts
  Lair:5: 2879 daAuts
  Lair:3: 2679 daAuts
 Snake:1: 2636 daAuts
     D:9: 2559 daAuts
     D:7: 2506 daAuts
  Lair:2: 2407 daAuts
     D:8: 2357 daAuts
   Orc:2: 2239 daAuts
 Snake:3: 2119 daAuts
     D:4: 1986 daAuts
   Orc:1: 1810 daAuts
     D:5: 1787 daAuts
    D:10: 1686 daAuts
  Lair:1: 1686 daAuts
